 Dungeon Crawl Stone Soup version 0.29.0-4-gdea44cf6ec (webtiles) character file.

Game seed: 14805874805826402063

32 qw the Ruffian (level 3, 0/28 HPs)
             Began as a Ghoul Fire Elementalist on Aug 30, 2022.
             Slain by Robin
             ... wielding a +1 dagger of holy wrath
              (4 damage)
             ... on level 2 of the Dungeon.
             The game lasted 00:01:02 (1357 turns).

qw the Ruffian (Ghoul Fire Elementalist)            Turns: 1357, Time: 00:01:02

Health: 0/28       AC:  3    Str: 13    XL:     3   Next: 27%
Magic:  4/4        EV: 11    Int: 10    God:
Gold:   75         SH:  0    Dex:  9    Spells: 4/5 levels left

rFire   . . .      SeeInvis .     - Unarmed
rCold   + . .      Faith    .   (no shield)
rNeg    + + +      Spirit   .   g - +0 leather armour
rPois   inf        Reflect  .   (no helmet)
rElec   .          Harm     .   (no cloak)
rCorr   .          Rampage  .   (no gloves)
Will    .....                   (no boots)
Stlth   +.........              (no amulet)
HPRegen 0.00/turn               (no ring)
MPRegen 0.09/turn               (no ring)

@: inhibited regen
A: claws 1, cold resistance 1, negative energy resistance 3, inhibited
regeneration, torment resistance 2, devour on kill
a: no special abilities


You were on level 2 of the Dungeon.
You visited 1 branch of the dungeon, and saw 2 of its levels.

You collected 75 gold pieces.


Innate Abilities, Weirdness & Mutations

You are immune to poison.
You have sharp fingernails.
Your flesh is cold resistant. (rC+)
You are immune to negative energy. (rN+++)
You do not regenerate when monsters are visible.
You are immune to unholy pain and torment.
You thrive by killing the living.


   Skills:
 - Level 1.0 Fighting
 - Level 1.7 Dodging
 - Level 2.1 Stealth
 + Level 2.8 Unarmed Combat
 - Level 1.7 Spellcasting
 - Level 0.7 Conjurations
 - Level 2.4 Fire Magic


You had 4 spell levels left.
You knew the following spells:

 Your Spells              Type           Power      Damage    Failure   Level
a - Foxfire               Conj/Fire      16%        2x1d4     22%         1

Your spell library contained the following spells:

 Spells                   Type           Power      Damage    Failure   Level
 Scorch                   Fire           10%        2d5       22%         2
 Conjure Flame            Conj/Fire      4%         6-21      54%         3
 Inner Flame              Hex/Fire       3%         N/A       58%         3
 Flame Wave               Conj/Fire      4%         2d5       91%         4

Inventory:

Armour
 g - a +0 leather armour (worn)
Potions
 d - a potion of cancellation
 h - a potion of berserk rage {unknown}

Dungeon Overview and Level Annotations

Branches:
Dungeon (2/15)

Altars:

Annotations:
D:2 Robin


Message History

You scratch the hobgoblin.
You kill the hobgoblin!
Robin throws the goblin at you!
You closely miss the goblin.
The kobold hits you with a +0 short sword.
The goblin barely misses you.
Robin roars a battlecry!
The goblin goes into a battle-frenzy!
You hear a shout!
You scratch the goblin.
The goblin is almost dead.
You hear an angry hiss.
The kobold closely misses you. The goblin barely misses you.
You closely miss the goblin.
The goblin is severely wounded.
The kobold closely misses you. The goblin barely misses you.
You scratch the goblin.
You kill the goblin!
The kobold hits you with a +0 short sword.
You closely miss the kobold. The kobold misses you.
You scratch the kobold.
The kobold is moderately wounded.
The kobold hits you but does no damage.
You scratch the kobold.
You kill the kobold!
You feel better. Robin throws the goblin at you!
You closely miss the goblin. The goblin hits you with a +0 club.
Robin throws the goblin at you!
1355 ||| Stepping ~*~*~tactically~*~*~ (outnumbered).
The goblin attacks as you move away! The goblin misses you.
Robin hits you but does no damage.
Items here: %%% ))))).
You closely miss Robin. You claw Robin, but do no damage.
You closely miss Robin. The goblin hits you with a +0 club.
Robin hits you with a +1 dagger of holy wrath.
You convulse.
You die...

###########
#.........#
#.#######.#
#######.#####
#.#######
#...........#
#.).....#
#.#####.#####
#gg####.# #.#
### ##@# #<#
#g# #.#
.ggg......#
#.#
.gg..7..###
#..


.ggg ...# ### .7. ..... .. ....## . ...7. .<.... You could see Robin and 2
goblins.

Vanquished Creatures
  2 ball pythons
  A bat (D:2)
  An endoplasm (D:1)
  3 giant cockroaches (D:1)
  7 goblins
  5 hobgoblins
  A kobold (D:2)
  A quokka (D:1)
  3 frilled lizards (D:1)
  3 rats (D:1)
27 creatures vanquished.

Notes
Turn   | Place    | Note
-------+----------+-------------------------------------------
     0 | D:1      | qw the Ghoul Fire Elementalist began the quest for the Orb.
     0 | D:1      | Reached XP level 1. HP: 14/14 MP: 2/2
     0 | D:1      | 0 ||| qw: Version: 0.1-a-90-g952f4b7
     0 | D:1      | 0 ||| qw: Game counter: 4325
     0 | D:1      | 0 ||| qw: Always use a shield: true
     0 | D:1      | 0 ||| qw: God list: Okawaru
     0 | D:1      | 0 ||| qw: Allow faded altars: false
     0 | D:1      | 0 ||| qw: Do Orc after D:15 true
     0 | D:1      | 0 ||| qw: Do second Lair branch before Depths: true
     0 | D:1      | 0 ||| qw: Lair rune preference: random
     0 | D:1      | 0 ||| qw: Plans: Normal
     0 | D:1      | 0 ||| PLANNING D:1-11
    12 | D:1      | 12 ||| Stepping ~*~*~tactically~*~*~ (outnumbered).
    13 | D:1      | 13 ||| Stepping ~*~*~tactically~*~*~ (outnumbered).
   151 | D:1      | Reached skill level 1 in Unarmed Combat
   280 | D:1      | Reached skill level 1 in Fighting
   280 | D:1      | Reached XP level 2. HP: 22/23 MP: 3/3
  1232 | D:1      | 1232 ||| UPGRADING to +0 leather armour.
  1242 | D:1      | 1242 ||| DROPPING +0 robe.
  1243 | D:1      | 1243 ||| READING scroll labelled IFEAHA BIBUARPH.
  1244 | D:1      | 1244 ||| READING scroll labelled ORUZOPIALAL.
  1245 | D:1      | 1245 ||| READING scroll labelled EWNOVIR WITOBAJIV.
  1246 | D:1      | 1246 ||| DRINKING 2 dark potions.
  1247 | D:1      | 1247 ||| DROPPING potion of magic.
  1315 | D:2      | Noticed Robin
  1316 | D:2      | 1316 ||| Stepping ~*~*~tactically~*~*~ (stealth).
  1330 | D:2      | 1330 ||| Stepping ~*~*~tactically~*~*~ (stealth).
  1335 | D:2      | Reached XP level 3. HP: 24/28 MP: 4/4
  1355 | D:2      | 1355 ||| Stepping ~*~*~tactically~*~*~ (outnumbered).
  1357 | D:2      | HP: 7/28 [goblin/+0 club[Robin] (5)]
  1357 | D:2      | Slain by Robin

Levels and vault maps discovered:
D:1:      dpeg_arrival_round_c, layout_loops_ring, serial_glass,
          glass_columns_a, glass_columns_a, glass_columns_b, glass_columns_b,
          glass_columns_a, glass_columns_a,
          wander_ebering_terrifying_dragon_lair
D:2:      layout_loops_corners, nrook_mini_backslash, grunt_ministairs_10,
          uniq_robin

Skill      XL: |  1  2 |
---------------+-------+-----
Unarmed Combat | 1 2 |  2.8
Fighting       | 1 |  1.0
Dodging        | |  1.7
Stealth        | |  2.1
Spellcasting   | |  1.7
Conjurations   | |  0.7
Fire Magic     | |  2.4

Action                   || total
-------------------------++-------
Melee: Unarmed           ||   123
       Punch             ||     2
  Use: Scroll            ||     3
       Potion            ||     1
Armor: Robe              ||    15
       Leather armour    ||     8
Dodge: Dodged            ||    68

Table legend:
 A = Non-vault XP
 B = Vault XP
 C = Vault XP percentage of total XP
 D = Non-vault monster count
 E = Vault monster count
 F = Vault count percentage of total count
                 A         B        C        D         E       F
            +---------+---------+-------+---------+---------+-------
      Total |      28 |      19 |  40.4 |      17 |      10 |  37.0
            +---------+---------+-------+---------+---------+-------
        D:1 |      25 |       1 |   3.8 |      15 |       1 |   6.2
        D:2 |       3 |      18 |  85.7 |       2 |       9 |  81.8
            +---------+---------+-------+---------+---------+-------
